AoeStats
← La piraña de aguas profundas

Arabia

510104585Analyzed
1v1 RM · 21d ago on Sep 29, 2026· 57m 45s· 2 players
Game mode
Random Map
Map size
Tiny (2 player)
Population
200
Speed
Normal
Resources
Standard
Victory
Conquest
Starting age
Dark Age
Ending age
Imperial Age
RankedLock teamsTeams togetherTeam positionsShared explorationLock speedFull tech treeHidden civsTurbo modeCheats
Victory
Defeat
🇵🇪 Lithuanians · Peru
1531
+19
vs
1601
-19
SainTKamuS
6:23 Loom
8:39 Feudal Age
9:24 Double-Bit Axe
15:21 Fletching
16:52 Padded Archer Armor
17:51 Wheelbarrow
23:08 Castle Age
21:25 Gold Mining
23:49 Bodkin Arrow
24:13 Bow Saw
24:11 Husbandry
24:57 Bloodlines
24:53 Elite Skirmisher
27:04 Leather Archer Armor
28:21 Ballistics
31:36 Scale Barding Armor
33:24 Chain Barding Armor
37:01 Stone Mining
37:16 Horse Collar
38:11 Town Watch
41:51 Imperial Age
40:08 Forging
42:14 Heavy Plow
42:40 Bracer
43:57 Chemistry
43:27 Tower Shields
44:38 Cavalier
49:27 Iron Casting
50:02 Stone Shaft Mining
50:20 Plate Barding Armor
50:30 Conscription
52:09 Thumb Ring
54:29 Paladin
56:03 Crop Rotation
La piraña de aguas profundas
6:52 Loom
9:22 Feudal Age
9:29 Man-at-Arms
16:48 Scale Mail Armor
17:09 Arson
18:08 Fletching
19:58 Padded Archer Armor
23:15 Wheelbarrow
25:33 Castle Age
25:55 Crossbowman
26:06 Long Swordsman
26:48 Double-Bit Axe
31:02 Bow Saw
31:28 Bodkin Arrow
35:02 Ballistics
34:46 Pikeman
35:26 Squires
36:36 Chain Mail Armor
39:35 Forging
42:19 Gambesons
45:56 Imperial Age
44:54 Horse Collar
47:33 Plate Mail Armor
47:12 Bracer
47:39 Halberdier
49:04 Conscription
53:20 Two-Handed Swordsman
54:32 Capped Ram
56:01 Iron Casting
Connection lost

Rejoining the realm…

Still unreachable

The connection could not be restored.

Session expired

The server has moved on; the page needs a fresh start.